Map: Lost and Found LE

Players

Probe - Winner!

  • Race: Protoss Protoss
  • Spawn Location: 1:00

BoO

  • Race: Zerg Zerg
  • Spawn Location: 7:00

Event: WCS Austin 2018

VOD

Have the link to the VOD?

Description

Time

  • Played on: June 1, 2018, 2:39 p.m.
  • Length: 9:37

All games in this series

Show
View Real Time Build Order
Export as new Build Order

Probe Protoss - Winner!

Build Orders: 1 Gate Expand, Oracle Opening, Phoenix Opening, Chargelot Immortal 

Get SALT Encoding   

  12  0:00  Probe  
  13  0:13  Probe  
  14  0:17  Pylon  
  14  0:24  Probe  
  15  0:32  Probe  
  15  0:39  Gateway  
  15  0:41  Probe  
  16  0:47  Assimilator  
  17  0:51  Probe  
  18  1:03  Probe  
  19  1:15  Probe  
  20  1:25  Nexus  
  20  1:33  Cybernetics Core  
  20  1:35  Probe  
  21  1:42  Assimilator  
  21  1:47  Probe  
  21  1:53  Pylon  
  22  2:00  Probe  
  23  2:02  Adept  
  23  2:08  Probe  
  26  2:16  Probe  
  26  2:20  Stargate  
  27  2:26  Probe  
  28  2:31  Warp Gate  
  28  2:33  Probe  
  28  2:37  Adept  
  28  2:38  Probe  
  28  2:41  Probe  
  32  2:50  Probe  
  34  2:51  Probe  
  34  2:57  Phoenix  
  35  3:02  Probe  
  35  3:03  Probe  
  35  3:04  Adept  
  41  3:09  Pylon  
  41  3:14  Probe  
  41  3:18  Gateway  
  41  3:19  Oracle  
  43  3:20  Shield Battery  
  43  3:26  Probe  
  43  3:28  Probe  
  43  3:32  Pylon  
  47  3:38  Probe  
  48  3:41  Probe  
  48  3:43  Pylon  
  49  3:50  Gateway  
  49  3:51  Probe  
  49  3:53  Probe  
  49  3:54  Oracle  
  54  4:03  Probe  
  54  4:05  Assimilator  
  54  4:06  Assimilator, Probe  
  56  4:14  Twilight Council  
  56  4:15  Probe  
  57  4:18  Pylon, Probe  
  57  4:23  Resonating Glaives  
  58  4:30  Probe x2  
  60  4:38  Adept x2  
  60  4:43  Pylon  
  64  4:46  Probe  
  64  4:49  Nexus  
  65  4:54  Adept  
  65  4:55  Probe  
  65  4:58  Probe  
  69  5:07  Probe  
  69  5:12  Adept x2  
  75  5:15  Adept  
  75  5:18  Pylon x2  
  76  5:23  Robotics Facility  
  76  5:24  Robotics Facility  
  76  5:31  Probe x2  
  76  5:33  Adept x2  
  82  5:37  Adept  
  82  5:40  Shield Battery  
  84  5:43  Probe x2  
  86  5:51  Gateway  
  86  5:55  Gateway  
  86  5:58  Gateway  
  86  6:01  Probe  
  87  6:05  Sentry x3  
  87  6:06  Probe x2  
  95  6:13  Probe  
  95  6:17  Immortal  
  95  6:18  Immortal, Probe x2  
  98  6:25  Probe  
  99  6:30  Probe  
  100  6:40  Pylon  
  100  6:41  Assimilator  
  100  6:42  Assimilator  
  100  6:44  Charge, Immortal  
  100  6:46  Gateway  
  100  6:47  Forge  
  100  6:50  Immortal  
  100  6:51  Templar Archives  
  104  7:16  Probe x2  
  104  7:19  Sentry, Immortal  
  104  7:20  Zealot x3, Immortal, Protoss Ground Weapons Level 1  
  108  7:23  Probe  
  113  7:34  Probe x2  
  115  7:41  Probe  
  116  7:47  Zealot x3  
  116  7:48  Zealot  
  124  7:52  Pylon  
  122  8:01  Psionic Storm  
  122  8:02  Pylon  
  122  8:04  Pylon  
  122  8:05  Pylon  
  122  8:09  Warp Prism  
  130  8:13  Gateway  
  130  8:14  Gateway  
  130  8:17  Gateway, Observer  
  125  8:20  Zealot x4  
  125  8:24  Pylon x2  
  125  8:25  High Templar x3  
  139  8:27  Pylon  
  139  8:31  Pylon  
  139  8:44  High Templar x2  
  139  8:46  Zealot x2  
  147  8:55  Immortal x2  
  155  9:07  High Templar x2  
  155  9:08  Zealot x3, Pylon, Nexus  
  165  9:12  Archon  
  165  9:22  Zealot x2  
  165  9:23  Zealot x3  
Show
View Real Time Build Order
Export as new Build Order

BoO Zerg 

Build Orders: Hatch First 

Get SALT Encoding   

  12  0:00  Drone  
  13  0:16  Overlord  
  13  0:18  Drone  
  14  0:34  Drone x2  
  16  0:38  Drone  
  17  0:54  Hatchery  
  17  0:56  Drone  
  17  1:00  Drone  
  17  1:02  Extractor  
  17  1:16  Spawning Pool  
  16  1:21  Drone  
  17  1:30  Drone  
  18  1:33  Drone  
  19  1:47  Overlord  
  19  2:02  Queen  
  19  2:06  Queen, Zergling x2  
  19  2:07  Zergling x2  
  25  2:09  Drone  
  25  2:12  Metabolic Boost  
  26  2:33  Hatchery  
  26  2:37  Zergling x2  
  26  2:39  Drone  
  27  2:46  Queen  
  29  2:52  Overlord  
  29  3:02  Drone x3  
  32  3:10  Drone x3  
  35  3:17  Drone x3  
  35  3:19  Drone  
  39  3:25  Drone x2  
  41  3:29  Spore Crawler  
  41  3:32  Spore Crawler  
  39  3:42  Drone x4  
  39  3:48  Lair  
  43  3:54  Overlord  
  43  3:57  Overlord  
  43  4:00  Spore Crawler  
  42  4:07  Overlord x2  
  42  4:12  Overlord  
  42  4:17  Extractor x2  
  41  4:19  Drone x2, Roach Warren  
  41  4:21  Drone  
  41  4:23  Drone  
  43  4:26  Drone  
  43  4:27  Drone  
  43  4:30  Overlord  
  45  4:33  Drone  
  45  4:35  Drone  
  45  4:36  Drone  
  45  4:37  Drone  
  49  4:41  Drone  
  48  4:52  Evolution Chamber  
  43  5:10  Queen  
  43  5:11  Drone  
  43  5:12  Drone x8  
  43  5:13  Drone  
  55  5:17  Roach x4  
  55  5:20  Zerg Missile Weapons Level 1  
  63  5:23  Glial Reconstitution  
  63  5:29  Roach x2  
  63  5:32  Roach  
  63  5:33  Roach  
  72  5:35  Drone  
  72  5:36  Drone  
  72  5:38  Drone  
  74  5:51  Overlord x2  
  74  6:04  Roach  
  74  6:05  Overlord x4  
  74  6:11  Roach x8  
  73  6:28  Roach x7  
  84  6:43  Roach x2  
  84  6:44  Roach x3  
  94  6:50  Drone x3  
  89  7:14  Roach x6  
  101  7:20  Roach  
  100  7:23  Roach x2  
  100  7:24  Queen  
  100  7:29  Roach  
  106  7:31  Drone  
  106  7:35  Ravager  
  106  7:36  Ravager  
  109  7:43  Roach x2  
  99  7:55  Ravager  
  99  7:58  Drone x6  
  85  8:09  Drone x2  
  85  8:11  Drone  
  85  8:12  Queen, Ravager  
  89  8:18  Drone x2  
  93  8:25  Drone x2  
  93  8:26  Hydralisk Den  
  94  8:28  Drone  
  94  8:32  Ravager x2  
  94  8:33  Ravager  
  98  8:34  Drone x3  
  98  8:38  Drone x2  
  103  8:44  Drone x2  
  105  8:49  Drone x2  
  109  8:55  Roach  
  109  8:59  Ravager  
  110  9:08  Hatchery  
  109  9:10  Ravager  
  109  9:13  Roach x2  
  109  9:15  Drone x4  
  109  9:16  Drone  
Tags
 
Add a new tag
Caveats
  • Supply blocks, unpowered buildings, or Contaminate may cause inaccurate times.
  • Supply counts are checked every 10 seconds.